 Dungeon Crawl Stone Soup version 0.24-a0-29-g43a6aff (console) character file.

Game seed: 11013654917254572769

18518 Duffy the Cleaver (level 12, -5/110 HPs)
             Began as a Naga Gladiator on Feb 2, 2019.
             Was a High Priest of Cheibriados.
             Slain by an orc knight
             ... wielding a cursed -2 great mace
              (17 damage)
             ... while paralysed by an orc sorcerer
             ... on level 2 of the Orcish Mines.
             The game lasted 00:18:07 (15821 turns).

Duffy the Cleaver (Naga Gladiator)                 Turns: 15821, Time: 00:18:08

Health: -5/110     AC: 11    Str: 41    XL:     12   Next: 59%
Magic:  19/19      EV:  1    Int: 23    God:    Cheibriados [*****.]
Gold:   466        SH:  0    Dex: 40    Spells: 11/11 levels left

rFire    . . .     SeeInvis +   z - +8 war axe {drain, *Rage *Drain rElec Dex+10}
rCold    + . .     Gourm    .   (no shield)
rNeg     . . .     Faith    .   H - +2 leather armour {rC+}
rPois    +         Spirit   .   x - +2 hat
rElec    +         Reflect  .   y - +0 cloak
rCorr    .         Harm     .   q - +0 pair of gloves
MR       +....     Rnd*Rage +   (no barding)
Stlth    +++.......             D - amulet of the acrobat
HPRegen  0.28/turn              F - ring of Nobility {Wiz rElec rPois Str+5}
MPRegen  0.16/turn              J - +4 ring of dexterity

@: paralysed, very slow
A: large, see invisible, deformed body, poison resistance, slowness 2, slow
metabolism 1, spit poison 1, AC +4
a: Spit Poison, Bend Time, Temporal Distortion, Slouch, Step From Time, Renounce
Religion


You were on level 2 of the Orcish Mines.
You worshipped Cheibriados.
Cheibriados was extremely pleased with you.
You were not hungry.

You visited 3 branches of the dungeon, and saw 14 of its levels.

You collected 1085 gold pieces.
You spent 619 gold pieces at shops.

Inventory:

Hand Weapons
 a - a +0 war axe
 b - a +2 hand axe of venom
 c - a +0 broad axe
 z - the +8 war axe of Cataclysm (weapon) {drain, *Rage *Drain rElec Dex+10}
   (You bought it in a shop on level 7 of the Dungeon)

   A truly terrible weapon, it drains the life of those it strikes.
   It affects your dexterity (+10).
   It insulates you from electricity.
   It may make you go berserk in combat.
   It causes draining when unequipped.
Missiles
 d - 3 throwing nets (quivered)
 o - 5 steel javelins
Armour
 q - a +0 pair of gloves (worn)
 x - a +2 hat (worn)
 y - a +0 cloak (worn)
 H - a +2 leather armour of cold resistance (worn)
Magical Staves
 s - an uncursed staff of energy
Jewellery
 D - an amulet of the acrobat (around neck)
 F - the ring of Nobility (left hand) {Wiz rElec rPois Str+5}
   (You found it on level 7 of the Dungeon)

   [ring of wizardry]

   It improves your spell success rate.
   It affects your strength (+5).
   It insulates you from electricity.
   It protects you from poison.
 J - a +4 ring of dexterity (right hand)
 Q - an uncursed ring of protection from fire
Wands
 A - a wand of enslavement (10)
 G - a wand of polymorph (7)
 M - a wand of paralysis (6)
Scrolls
 j - 2 scrolls of enchant weapon {unknown}
 n - 4 scrolls of remove curse
 p - a scroll of amnesia
 r - 4 scrolls of teleportation
 u - 3 scrolls of fog {unknown}
 B - 5 scrolls of enchant armour
 E - 2 scrolls of fear {unknown}
 K - a scroll of immolation {unknown}
 L - 2 scrolls of magic mapping
 O - 2 scrolls of summoning {unknown}
 P - a scroll of torment
 T - 3 scrolls of identify
Potions
 e - 2 potions of agility
 h - 4 potions of might
 i - 3 potions of resistance
 k - 3 potions of haste
 l - 3 potions of heal wounds
 m - 3 potions of curing
 t - 3 potions of mutation
 v - a potion of brilliance
 w - 2 potions of magic
 C - 4 potions of degeneration
 I - a potion of ambrosia
 N - a potion of berserk rage
 R - a potion of flight {unknown}
Comestibles
 f - 23 rations
 S - 7 chunks of flesh


   Skills:
 - Level 8.0 Fighting
 - Level 12.0 Axes
 - Level 1.7 Throwing
 + Level 10.6 Dodging
 - Level 9.3 Invocations


You had 11 spell levels left.
You didn't know any spells.
Your spell library contained the following spells:

 Spells                   Type           Power        Failure   Level  Hunger
 Passwall                 Tmut/Erth      #.......     11%         2    ###....
 Throw Frost              Conj/Ice       #.....       11%         2    ###....
 Mephitic Cloud           Conj/Pois/Air  #.......     21%         3    ####...
 Summon Guardian Golem    Hex/Summ       #.......     21%         3    ####...
 Cause Fear               Hex            #.........   52%         4    #####..
 Bolt of Magma            Conj/Fire/Erth #.........   86%         5    ######.
 Irradiate                Conj/Tmut      #.........   86%         5    ######.
 Silence                  Hex/Air        #.........   86%         5    ######.
 Summon Mana Viper        Hex/Summ       #.......     86%         5    ######.
 Venom Bolt               Conj/Pois      #.........   86%         5    ######.
 Yara's Violent Unravell  Hex/Tmut       #.........   86%         5    ######.
 Deflect Missiles         Chrm/Air       #.........   100%        6    #######
 Discord                  Hex            #.........   100%        8    #######


Dungeon Overview and Level Annotations

Branches:
Dungeon (11/15)            Temple (1/1) D:4            Lair (0/6) D:11
    Orc (1/2) D:10            Elf (0/3) Orc:2

Altars:
Ashenzari
Cheibriados
Dithmenos
Elyvilon
Fedhas
Gozag
Hepliaklqana
Kikubaaqudgha
Makhleb
Nemelex Xobeh
Okawaru
Qazlal
Ru
Sif Muna
Trog
Uskayaw
Vehumet
Wu Jian
Xom
Yredelemnul
Zin
The Shining One

Shops:
D:6 [(*   D:7 *([}   D:9 *   D:11 %   Orc:1 *

Annotations:
D:10 2 runed translucent doors, exclusion: upstairs


Innate Abilities, Weirdness & Mutations

You cannot wear boots.
Your serpentine skin is tough. (AC +4)
You have supernaturally acute eyesight. (SInv)
Armour fits poorly on your strangely shaped body.
Your system is resistant to poisons. (rPois)
You cover ground very slowly.
You have a slow metabolism.
You can spit poison.


Message History

You barely miss the orc knight.
The orc knight is heavily wounded.
The orc sorcerer points at you and mumbles some strange words.
You suddenly lose the ability to move!
The orc knight hits you with a cursed -2 great mace!
The red devil barely misses you.
An orc wizard comes into view. It is wielding a +0 dagger.
The red devil hits you from afar with a +0 trident.
The orc knight roars a battlecry!
The orc wizard goes into a battle-frenzy!
The orc knight hits you with a cursed -2 great mace!
The red devil hits you from afar with a +0 trident!
The orc sorcerer wildly gestures.
You feel disoriented.
The orc sorcerer hits you with a +0 dagger.
The orc sorcerer gestures at you while chanting.
The bolt of fire hits you!!!
The red devil hits you from afar with a +0 trident.
The orc knight hits you with a cursed -2 great mace!
You die...

#..... ...#
...... #..##
#.....##...##
......#.....#
............#
...#...##.## .
##$..# ## .
##.$).###
...#...(o@.##
..#...$4o%$.#
............#
.............#
...<.....#.$##
.............#
....>..........
.#..............
.......###.###.#


You could see an orc knight, an orc sorcerer and a red devil.

Vanquished Creatures
  Snorg (D:11)
  Harold (D:9)
  A death knight (D:10)
  A centaur warrior (D:10)
  An unseen horror (D:10)
  An orc knight (Orc:2)
  A cyclops (Orc:1)
  2 manticores (D:11)
  Joseph (D:7)
  A gargoyle (D:11)
  5 trolls
  A hippogriff (D:11)
  10 yaks
  A wyvern (D:11)
  A vampire (D:11)
  A steam dragon (D:10)
  A hungry ghost (D:11)
  A warg (Orc:2)
  A vampire mosquito (D:10)
  4 porcupines (D:11)
  6 sky beasts
  2 black bears
  An eye of draining (D:11)
  5 ice beasts
  15 orc warriors
  3 phantoms
  11 ogres
  8 centaurs
  2 crocodiles (D:11)
  2 big kobolds
  6 bullfrogs
  A gnoll sergeant (D:8)
  3 scorpions
  5 killer bees
  A wight (D:10)
  8 howler monkeys
  An electric eel (D:11)
  5 crimson imps
  2 bullfrog zombies (D:6)
  9 hounds
  16 orc priests
  5 bullfrog skeletons
  4 jellies
  15 orc wizards
  4 centaur skeletons
  5 iguanas
  6 worker ants
  2 hound skeletons
  A howler monkey zombie (D:10)
  13 adders
  6 gnolls
  A shadow imp (D:8)
  An ooze (D:4)
  2 adder zombies
  5 worms
  5 dart slugs
  3 leopard geckos
  54 orcs
  3 giant cockroaches
  14 goblins
  9 hobgoblins
  3 jackals
  4 quokkas
  A ball python (D:2)
  5 bats
  6 frilled lizards
  16 kobolds
  A leopard gecko skeleton (D:6)
  2 quokka skeletons (D:4)
  A quokka zombie (D:6)
  3 rats
  4 fungi (D:11)
  5 plants (D:11)
358 creatures vanquished.

Vanquished Creatures (others)
  An orc (D:10)
  27 fungi (D:11)
  8 plants (D:11)
36 creatures vanquished.

Grand Total: 394 creatures vanquished

Notes
Turn   | Place    | Note
-------+----------+-------------------------------------------
     0 | D:1      | Duffy the Naga Gladiator began the quest for the Orb.
     0 | D:1      | Reached XP level 1. HP: 19/19 MP: 1/1
    73 | D:2      | Reached XP level 2. HP: 6/26 MP: 2/2
   434 | D:2      | Found a bloodstained altar of Trog.
   449 | D:2      | Reached skill level 4 in Axes
   449 | D:2      | Reached XP level 3. HP: 16/32 MP: 3/3
  1081 | D:5      | Entered Level 5 of the Dungeon
  1088 | D:6      | Noticed a bullfrog
  1096 | D:6      | Killed a bullfrog
  1096 | D:6      | Reached skill level 5 in Axes
  1096 | D:6      | Reached XP level 4. HP: 24/39 MP: 4/4
  1096 | D:6      | Reached XP level 5. HP: 28/45 MP: 5/5
  1270 | D:4      | Found a staircase to the Ecumenical Temple.
  1277 | Temple   | Entered the Ecumenical Temple
  1384 | Temple   | Became a worshipper of Cheibriados the Contemplative
  2066 | D:2      | Found an iron altar of Okawaru.
  2069 | D:2      | Reached * piety under Cheibriados
  2590 | D:2      | Found a bloodstained altar of Trog.
  2921 | D:2      | Reached skill level 6 in Axes
  3043 | D:3      | Reached XP level 6. HP: 51/52 MP: 6/6
  3130 | D:3      | Found a hazy altar of Hepliaklqana.
  3365 | D:3      | Reached ** piety under Cheibriados
  3881 | D:3      | Noticed a phantom
  3907 | D:3      | Killed a phantom
  3907 | D:3      | Reached XP level 7. HP: 11/61 MP: 7/7
  4460 | D:3      | Found a glowing golden altar of the Shining One.
  4567 | D:3      | Found a shimmering altar of Xom.
  4894 | D:4      | Reached *** piety under Cheibriados
  5626 | D:4      | Reached skill level 7 in Axes
  6088 | D:5      | Reached XP level 8. HP: 72/72 MP: 8/8
  6405 | D:6      | Reached skill level 1 in Invocations
  6553 | D:6      | Reached **** piety under Cheibriados
  6591 | D:6      | Found a hide-covered altar of Uskayaw.
  6604 | D:6      | Reached skill level 5 in Dodging
  6808 | D:6      | Reached skill level 5 in Fighting
  6872 | D:6      | Found Qagg's General Store.
  6877 | D:6      | Bought a scroll of enchant armour for 90 gold pieces
  6877 | D:6      | Bought 2 scrolls of identify for 48 gold pieces
  6958 | D:6      | Reached skill level 8 in Axes
  6979 | D:6      | Found Ruffirch's Antique Armour Emporium.
  6984 | D:6      | Bought a smoking scale mail for 189 gold pieces
  6994 | D:6      | Identified the cursed +0 scale mail of Lies {rC- Str+10
                  | SInv} (You bought it in a shop on level 6 of the Dungeon)
  7086 | D:6      | Found a stormy altar of Qazlal.
  7087 | D:6      | Noticed a water elemental
  7088 | D:6      | Noticed an air elemental
  7126 | D:6      | Found a sparkling altar of Nemelex Xobeh.
  7132 | D:6      | Reached XP level 9. HP: 81/81 MP: 11/11
  7161 | D:6      | Found Otodwuri's Antique Weapon Boutique.
  7302 | D:7      | Found Wuxaler's Armour Boutique.
  7455 | D:7      | Got a scorched tin ring
  7456 | D:7      | Identified the ring of Nobility {Wiz rElec rPois Str+5}
                  | (You found it on level 7 of the Dungeon)
  7462 | D:7      | Found Gajyigh's Gadget Emporium.
  7485 | D:7      | Noticed Joseph
  7500 | D:7      | Killed Joseph
  7733 | D:7      | Found Fosiebur's Antique Weapon Shoppe.
  7826 | D:7      | Found a glowing silver altar of Zin.
  7959 | D:7      | Found Suuwun's General Store.
  7962 | D:7      | Bought a scroll of magic mapping for 45 gold pieces
  8145 | D:8      | Reached skill level 5 in Invocations
  8266 | D:8      | Reached skill level 9 in Axes
  8325 | D:8      | Reached ***** piety under Cheibriados
  8759 | D:8      | Found a runed translucent door.
  8816 | D:8      | Found a runed translucent door.
  8844 | D:8      | Found a shattered altar of Ashenzari.
  8992 | D:8      | Found a blossoming altar of Fedhas.
  9355 | D:8      | Reached XP level 10. HP: 72/88 MP: 14/14
  9730 | D:9      | Noticed Harold
  9743 | D:9      | Killed Harold
  9919 | D:9      | Reached skill level 10 in Axes
 10040 | D:9      | Found Xyubb's General Store.
 10047 | D:9      | Bought a scroll of noise for 13 gold pieces
 10553 | D:9      | Found a basalt altar of Yredelemnul.
 10710 | D:10     | Entered Level 10 of the Dungeon
 10710 | D:10     | Found a staircase to the Orcish Mines.
 11058 | D:10     | Noticed a centaur warrior
 11066 | D:10     | Killed a centaur warrior
 11066 | D:10     | Reached XP level 11. HP: 29/94 MP: 11/18
 11067 | D:10     | Noticed an unseen horror
 11069 | D:10     | Noticed a death knight
 11070 | D:10     | Killed an unseen horror
 11916 | D:10     | Killed a death knight
 12141 | D:10     | Identified the Reference Book on Creative Combat Magic
 12141 | D:10     | Identified the Guide on Enchanting Transmutation
 12172 | D:10     | Found a runed translucent door.
 12172 | D:10     | Found a runed translucent door.
 12172 | D:10     | Noticed a seven-headed hydra
 12350 | D:7      | Bought a dazzling war axe for 221 gold pieces
 12350 | D:7      | Identified the +8 war axe of Cataclysm {drain, *Rage *Drain
                  | rElec Dex+10} (You bought it in a shop on level 7 of the
                  | Dungeon)
 12474 | D:11     | Found a staircase to the Lair.
 12502 | D:11     | Noticed a manticore
 12511 | D:11     | Killed a manticore
 12513 | D:11     | Noticed Snorg
 12528 | D:11     | Killed Snorg
 12826 | D:11     | Reached skill level 11 in Axes
 12826 | D:11     | Reached XP level 12. HP: 65/109 MP: 19/19
 12829 | D:11     | Reached skill level 10 in Dodging
 13042 | D:11     | Found Atzingut's Food Shoppe.
 14161 | D:10     | Found a staircase to the Orcish Mines.
 14347 | D:10     | Found a runed translucent door.
 14347 | D:10     | Found a runed translucent door.
 14651 | D:9      | Found an ornate altar of the Wu Jian Council.
 14950 | D:10     | Found a staircase to the Orcish Mines.
 15018 | D:10     | Found a runed translucent door.
 15018 | D:10     | Found a runed translucent door.
 15318 | Orc:1    | Entered Level 1 of the Orcish Mines
 15593 | Orc:1    | Found Rlumasu's Retail Resort.
 15618 | Orc:1    | Bought a scroll of random uselessness for 13 gold pieces
 15791 | Orc:1    | You fall through a shaft!
 15791 | Orc:2    | Entered Level 2 of the Orcish Mines
 15798 | Orc:2    | Found a staircase to the Elven Halls.
 15816 | Orc:2    | Reached skill level 12 in Axes
 15817 | Orc:2    | Paralysed by an orc sorcerer for 7 turns
 15821 | Orc:2    | Slain by an orc knight

Vault maps used:
D:1:      lightli_arrival_isolated_outpost, minmay_heptomino_h4
D:2:      lemuel_crystal_altar, okawaru_altar_gauntlet_db, first_ration,
          trog_hazing_becter
D:3:      old_standard_altar, minitemple
D:4:      minmay_skewed_foursquare, minmay_temple_entry_drinking_statues
D:6:      lemuel_crystal_altar, lemuel_doored_altar,
          nicolae_qazlal_style_of_elements, serial_shops, shop,
          kennysheep_little_box, shop
D:7:      zin_academy, serial_shops, kennysheep_mini_moat, nicolae_shop_crystal,
          kennysheep_mini, shop, uniq_joseph
D:8:      cheibrodos_histonic, fedhas_altar_fruit_tree, lemuel_crystal_altar
D:9:      nicolae_overflow_hidden_temple, lemuel_crystal_altar, serial_shops,
          nicolae_shop_stone, grunt_ogre_cave, uniq_harold
D:10:     minmay_the_grid_four_pointed_star, minmay_fractal_squares_5
D:11:     wad_river_or_something, due_lair_maze_entry_diamond, serial_shops,
          shop_statue, uniq_snorg
Temple:   kb_temple_of_zot
Orc:1:    nicolae_alphabet_shops
Orc:2:    st_orc_town, led_sif_book

Skill      XL: |  1  2  3  4  5  6  7  8  9 10 11 12 |
---------------+-------------------------------------+-----
Axes           | 4 5 6 7 8 9 10 11 12 | 12.0
Dodging        | 3 4 5 6 8 9 10 | 10.6
Fighting       | 4 5 7 8 |  8.0
Invocations    | 3 6 9 |  9.3
Throwing       | |  1.7

Action                   |  1- 3 |  4- 6 |  7- 9 | 10-12 || total
-------------------------+-------+-------+-------+-------++-------
Melee: War axe           |    46 |   186 |   180 |   206 ||   618
       Hand axe          |       |       |   108 |   185 ||   293
Throw: Throwing net      |       |     1 |     1 |       ||     2
Invok: Slouch            |       |       |     1 |     6 ||     7
       Bend Time         |       |       |       |     1 ||     1
 Abil: Spit Poison       |     8 |    10 |    17 |       ||    35
  Use: Scroll            |       |       |    11 |     8 ||    19
       Potion            |       |       |       |     3 ||     3
 Stab: Sleeping          |       |       |     2 |    10 ||    12
       Held in net/web   |       |       |     1 |       ||     1
       Distracted        |       |       |       |     2 ||     2
  Eat: Chunk             |       |     7 |    11 |     8 ||    26
       Ration            |       |       |       |     3 ||     3
Armor: Leather armour    |     8 |       |       |    50 ||    58
       Chain mail        |     4 |    80 |       |       ||    84
       Ring mail         |       |    22 |    66 |       ||    88
       Scale mail        |       |       |    40 |    44 ||    84
       Steam dragon scal |       |       |       |     3 ||     3
Dodge: Dodged            |    32 |   107 |   238 |   507 ||   884
Block: Other             |       |       |     1 |       ||     1

Table legend:
 A = Non-vault XP
 B = Vault XP
 C = Vault XP percentage of total XP
 D = Non-vault monster count
 E = Vault monster count
 F = Vault count percentage of total count
                 A         B        C        D         E       F
            +---------+---------+-------+---------+---------+-------
      Total |   17131 |    9324 |  35.2 |     275 |      74 |  21.2
            +---------+---------+-------+---------+---------+-------
        D:1 |      30 |       4 |  11.8 |      13 |       2 |  13.3
        D:2 |     141 |      23 |  14.0 |      25 |      12 |  32.4
        D:3 |     387 |       0 |   0.0 |      24 |       0 |   0.0
        D:4 |     224 |     104 |  31.7 |      13 |       4 |  23.5
        D:5 |     423 |       0 |   0.0 |       8 |       0 |   0.0
        D:6 |    1224 |       0 |   0.0 |      29 |       0 |   0.0
        D:7 |     373 |     460 |  55.2 |       7 |       1 |  12.5
        D:8 |    1008 |     939 |  48.2 |      22 |      16 |  42.1
        D:9 |    1306 |    1094 |  45.6 |      11 |       2 |  15.4
       D:10 |    2862 |    3586 |  55.6 |      36 |      17 |  32.1
       D:11 |    4942 |    2941 |  37.3 |      39 |      18 |  31.6
      Orc:1 |    3391 |       0 |   0.0 |      42 |       0 |   0.0
      Orc:2 |     820 |     173 |  17.4 |       6 |       2 |  25.0
            +---------+---------+-------+---------+---------+-------
